 Dungeon Crawl Stone Soup version 0.28.0-47-ge53b351184 (webtiles) character file.

Game seed: 17857070675379111930

155 issech the Cudgeller (level 5, -1/53 HPs)
             Began as a Troll Fighter on May 2, 2022.
             Succumbed to a scorpion's poison
             ... on level 3 of the Dungeon.
             The game lasted 00:05:01 (2080 turns).

issech the Cudgeller (Troll Fighter)                Turns: 2080, Time: 00:05:01

Health: -1/53      AC:  4    Str: 24    XL:     5   Next: 14%
Magic:  4/4        EV:  9    Int:  4    God:
Gold:   117        SH:  7    Dex: 11    Spells: 4/4 levels left

rFire   . . .      SeeInvis .   a - +0 flail
rCold   . . .      Faith    .   c - +0 kite shield
rNeg    . . .      Spirit   .   b - +0 robe
rPois   .          Reflect  .   (helmet restricted)
rElec   .          Harm     .   j - scarf {repulsion}
rCorr   .          Rampage  .   (gloves unavailable)
Will    .....                   (boots unavailable)
Stlth   +.........              (no amulet)
HPRegen 0.97/turn               (no ring)
MPRegen 0.09/turn               (no ring)

@: lethally poisoned (-1 -> -11), repel missiles
A: large, unfitting armour, claws 3, regeneration 1, shaggy fur 1, tough skin 1
a: no special abilities


You were on level 3 of the Dungeon.
You visited 1 branch of the dungeon, and saw 3 of its levels.

You collected 117 gold pieces.

Inventory:

Hand Weapons
 a - a +0 flail (weapon)
Missiles
 g - 102 stones
 i - 28 sling bullets
 n - 10 poisoned darts
 o - 2 boomerangs (quivered)
 p - 7 arrows
 q - 19 bolts
Armour
 b - a +0 robe (worn)
 c - a +0 kite shield (worn)
 j - a scarf of repulsion (worn)
Scrolls
 e - a scroll of amnesia {unknown}
 f - 2 scrolls of enchant armour {unknown}
 h - a scroll of teleportation {unknown}
 l - 3 scrolls of fear {unknown}
 m - 3 scrolls of identify {unknown}
 r - a scroll of acquirement {unknown}
Potions
 d - a potion of might
 k - a potion of curing {unknown}


   Skills:
 + Level 3.0 Fighting
 + Level 3.3 Maces & Flails
 + Level 3.0 Dodging
 + Level 3.1 Shields


You had 4 spell levels left.
You didn't know any spells.
Your spell library contained the following spells:

 Spells                   Type           Power      Damage    Failure   Level
 Beastly Appendage        Tmut           0%         N/A       80%         1
 Wereblood                Tmut           0%         N/A       90%         2
 Spider Form              Tmut/Pois      0%         N/A       99%         3


Dungeon Overview and Level Annotations

Branches:
Dungeon (3/15)

Altars:

Shops:
D:3 :


Innate Abilities, Weirdness & Mutations

You are too large for most types of armour.
You have claws for hands.
Your natural rate of healing is unusually fast.
You are covered in fur. (AC +1)
You have tough skin. (AC +1)


Message History

The scorpion stings you but does no damage.
The scorpion misses you.
You closely miss the scorpion. The scorpion stings you!
You sock the scorpion!
The scorpion is heavily wounded.
The scorpion stings you.
You are poisoned.
The scorpion poisons you! The scorpion closely misses you.
You barely miss the scorpion.
The scorpion is heavily wounded.
You feel very sick. The scorpion stings you.
You are more poisoned.
The scorpion poisons you! The scorpion stings you.
You closely miss the scorpion.
The scorpion is heavily wounded.
You feel very sick. The scorpion barely misses you.
You hit the scorpion.
The scorpion is severely wounded.
You feel very sick. The scorpion stings you. x2
You are more poisoned.
The scorpion poisons you!
You closely miss the scorpion.
The scorpion is severely wounded.
You feel very sick. The scorpion stings you.
You are more poisoned.
The scorpion poisons you! The scorpion stings you!
* * * LOW HITPOINT WARNING * * *
You barely miss the scorpion.
The scorpion is severely wounded.
* * * LOW HITPOINT WARNING * * *
You feel very sick. The scorpion stings you.
* * * LOW HITPOINT WARNING * * *
You hit the scorpion but do no damage.
The scorpion is severely wounded.
You die...

### #.####### #.####
#..s@...# #....# #.#####.#
#.#.## ..#.#######.#.#
##.#.......#.#.#
#......#####.#.#.#
#.##.#.#####.#.#.#
#....#.##....#.#.# ♣♣♣♣♣♣
###.<......≈...#.##
≈PP♣≈≈♣≈.......#....≈.≈.....#


You could see a scorpion.

Vanquished Creatures
  A phantom (D:3)
  2 adders (D:2)
  A worm (D:2)
  5 endoplasms
  2 giant cockroaches (D:1)
  3 hobgoblins
  9 jackals (D:1)
  2 kobolds (D:1)
  3 quokkas (D:1)
  5 ball pythons
  4 bats
  14 frilled lizards
  3 goblins
  6 rats
60 creatures vanquished.

Vanquished Creatures (others)
  3 plants (D:2)
3 creatures vanquished.

Grand Total: 63 creatures vanquished

Notes
Turn   | Place    | Note
-------+----------+-------------------------------------------
     0 | D:1      | issech the Troll Fighter began the quest for the Orb.
     0 | D:1      | Reached XP level 1. HP: 22/22 MP: 0/0
   214 | D:1      | Reached XP level 2. HP: 29/29 MP: 1/1
   500 | D:1      | Found a faded altar of an unknown god.
   651 | D:1      | Reached XP level 3. HP: 36/36 MP: 2/2
  1486 | D:2      | Reached XP level 4. HP: 42/44 MP: 3/3
  1962 | D:3      | Found Nychaico's Book Shoppe.
  1963 | D:3      | Noticed a phantom
  1978 | D:3      | Killed a phantom
  1979 | D:3      | Reached XP level 5. HP: 38/53 MP: 4/4
  2080 | D:3      | Succumbed to a scorpion's poison

Illustrated notes

Levels and vault maps discovered:
D:1:      minmay_arrival_five_plusses, layout_loops_corners,
          dilly_ecumenical_altar_fadedgnrine, amcnicky_mini_pool_small,
          serial_park_tiny_2
D:2:      layout_loops_corners, mrwooster_statue_mirror, minmay_lizard_king
D:3:      minmay_chambers_of_twos, layout_basic, serial_shops, shop_fountains,
          shop, nicolae_diamond_shop, shop_fountains, serial_bayou_ford_a,
          st_stairs_9

Skill      XL: |  1  2  3  4 |
---------------+-------------+-----
Maces & Flails | 2 3 |  3.3
Shields        | 3 |  3.1
Fighting       | 3 |  3.0
Dodging        | 3 |  3.0

Action                   |  1- 3 |  4- 6 || total
-------------------------+-------+-------++-------
Melee: Flail             |   152 |    35 ||   187
Throw: Boomerang         |     1 |       ||     1
 Stab: Sleeping          |     2 |       ||     2
Armor: Robe              |    77 |     9 ||    86
Dodge: Dodged            |    49 |    12 ||    61
       Repelled          |     1 |       ||     1
Block: Kite shield       |    64 |    12 ||    76
